2547 views
Uploaded 2021-02-22 19:40:56
Game version 1.32.9
46:22 long 1on1 ladder game on (2)LastRefuge
Saved by xzz
2547 views
Uploaded 2021-02-22 19:40:56
Game version 1.32.9
46:22 long 1on1 ladder game on (2)LastRefuge

44 units @ 7k
/ 1.2k
27 buildings @ 4.3k
/ 1.9k



| Rod of Necromancy | 1 | 150 |
| Scroll of Healing | 3 | 750 |
| Scroll of Protection | 4 | 600 |
| Potion of Lesser Invulnerability | 2 | 300 |
| total: | 10 | 1800g |
| Acolyte | 20 | 1500 | / | 0 |
| Ghoul | 4 | 480 | / | 0 |
| Crypt Fiend | 7 | 1505 | / | 280 |
| Obsidian Statue | 3 | 600 | / | 105 |
| Necromancer | 1 | 145 | / | 20 |
| Abomination | 3 | 720 | / | 210 |
| Frost Wyrm | 3 | 1155 | / | 360 |
| Meat Wagon | 1 | 230 | / | 50 |
| Goblin Shredder | 1 | 375 | / | 100 |
| Goblin Zeppelin | 1 | 240 | / | 60 |
| total: | 44 | 6950g | / | 1185w |
| Nerubian Tower | 3 | 300 | / | 60 |
| Spirit Tower | 4 | 580 | / | 160 |
| Crypt | 2 | 400 | / | 100 |
| Altar of Darkness | 1 | 180 | / | 50 |
| Ziggurat | 15 | 2250 | / | 750 |
| Graveyard | 1 | 215 | / | 0 |
| Tomb of Relics | 1 | 130 | / | 30 |
| Necropolis | 1 | 225 | / | 0 |
| Slaughterhouse | 2 | 280 | / | 270 |
| Temple of the Damned | 1 | 155 | / | 140 |
| Sacrificial Pit | 1 | 75 | / | 150 |
| Boneyard | 2 | 350 | / | 400 |
| Halls of the Dead | 3 | 960 | / | 630 |
| Black Citadel | 1 | 325 | / | 230 |
| total: | 27 | 4260g | / | 1890w |
| 0:02 | Acolyte |
| 0:05 | Crypt |
| 0:09 | Altar of Darkness |
| 0:20 | Acolyte |
| 0:31 | Ziggurat |
| 0:40 | Acolyte |
| 1:09 | Ghoul |
| 1:10 | Ghoul |
| 1:20 | Graveyard |
| 1:51 | Ghoul |
| 1:57 | Ziggurat |
| 2:20 | Tomb of Relics |
| 2:39 | Ghoul |
| 2:42 | Ziggurat |
| 2:47 | Carrion Beetles |
| 3:03 | Crypt Fiend |
| 3:47 | Crypt Fiend |
| 3:51 | Halls of the Dead |
| 3:54 | Acolyte |
| 4:26 | Halls of the Dead |
| 4:43 | Impale |
| 5:03 | Crypt Fiend |
| 5:34 | Crypt Fiend |
| 5:56 | Carrion Beetles |
| 6:00 | Crypt Fiend |
| 6:24 | Creature Attack |
| 6:27 | Ziggurat |
| 6:48 | Acolyte |
| 6:48 | Acolyte |
| 6:48 | Acolyte |
| 6:48 | Acolyte |
| 7:42 | Scroll of Protection |
| 7:56 | Black Citadel |
| 8:10 | Web |
| 8:19 | Ziggurat |
| 8:21 | Ziggurat |
| 8:22 | Ziggurat |
| 8:24 | Ziggurat |
| 8:51 | Slaughterhouse |
| 8:56 | Vampiric Aura |
| 8:58 | Impale |
| 9:02 | Temple of the Damned |
| 10:33 | Sacrificial Pit |
| 10:35 | Obsidian Statue |
| 10:37 | Necromancer |
| 10:45 | Sleep |
| 11:32 | Goblin Shredder |
| 11:55 | Abomination |
| 11:58 | Unholy Armor |
| 12:00 | Creature Carapace |
| 12:06 | Boneyard |
| 12:50 | Boneyard |
| 12:57 | Obsidian Statue |
| 13:04 | Slaughterhouse |
| 13:10 | Nerubian Tower |
| 13:12 | Spirit Tower |
| 13:22 | Ziggurat |
| 13:51 | Freezing Breath |
| 13:59 | Rod of Necromancy |
| 14:12 | Frost Wyrm |
| 14:19 | Abomination |
| 15:18 | Scroll of Healing |
| 15:19 | Scroll of Protection |
| 15:35 | Unholy Aura |
| 15:39 | Skeletal Mastery |
| 15:41 | Necromancer Adept Training |
| 15:43 | Disease Cloud |
| 15:47 | Frost Wyrm |
| 16:13 | Meat Wagon |
| 16:15 | Exhume Corpses |
| 16:18 | Improved Unholy Armor |
| 16:20 | Improved Creature Attack |
| 16:53 | Scroll of Healing |
| 16:54 | Potion of Lesser Invulnerability |
| 16:54 | Scroll of Protection |
| 18:20 | Goblin Zeppelin |
| 19:01 | Advanced Creature Attack |
| 19:09 | Abomination |
| 19:15 | Acolyte |
| 19:44 | Vampiric Aura |
| 19:58 | Destroyer Form |
| 20:05 | Nerubian Tower |
| 20:09 | Advanced Unholy Armor |
| 20:11 | Improved Creature Carapace |
| 20:11 | Unholy Strength |
| 22:12 | Obsidian Statue |
| 22:18 | Death Coil |
| 23:00 | Frost Wyrm |
| 23:15 | Crypt Fiend |
| 23:17 | Crypt |
| 24:00 | Necropolis |
| 24:25 | Scroll of Protection |
| 24:34 | Potion of Lesser Invulnerability |
| 24:36 | Scroll of Healing |
| 24:44 | Ziggurat |
| 24:46 | Ziggurat |
| 24:48 | Ziggurat |
| 24:53 | Ziggurat |
| 26:37 | Sleep |
| 27:18 | Ziggurat |
| 27:20 | Ziggurat |
| 27:24 | Nerubian Tower |
| 27:26 | Spirit Tower |
| 27:40 | Acolyte |
| 28:17 | Acolyte |
| 28:17 | Acolyte |
| 28:18 | Acolyte |
| 28:19 | Acolyte |
| 29:08 | Halls of the Dead |
| 29:19 | Carrion Beetles |
| 29:42 | Spirit Tower |
| 30:02 | Acolyte |
| 30:02 | Acolyte |
| 30:02 | Acolyte |
| 30:39 | Acolyte |
| 30:39 | Acolyte |
| 30:47 | Acolyte |
| 32:17 | Crypt Fiend |
| Right click | 737 |
| Select | 552 |
| Build/train/purchase | 121 |
| Select group | 115 |
| Assign group | 35 |
| Use ability | 13 |
| Chat | 8 |
| Remove unit | 3 |
| Item give/drop | 2 |
| Misc. action | 1 |
36 units @ 4.8k
/ 1k
121 buildings @ 6.7k
/ 4k

| Scroll of Regeneration | 9 | 900 |
| Lesser Clarity Potion | 6 | 420 |
| Potion of Mana | 1 | 200 |
| Scroll of Town Portal | 4 | 1400 |
| Staff of Teleportation | 1 | 150 |
| total: | 21 | 3070g |
| Peasant | 13 | 975 | / | 0 |
| Footman | 4 | 540 | / | 0 |
| Mortar Team | 7 | 1260 | / | 490 |
| Flying Machine | 6 | 600 | / | 180 |
| Sorceress | 2 | 310 | / | 40 |
| Priest | 1 | 135 | / | 10 |
| Goblin Shredder | 2 | 750 | / | 200 |
| Goblin Zeppelin | 1 | 240 | / | 60 |
| total: | 36 | 4810g | / | 980w |
| Scout Tower | 91 | 2730 | / | 1820 |
| Arcane Tower | 9 | 630 | / | 450 |
| Guard Tower | 16 | 1120 | / | 800 |
| Altar of Kings | 1 | 180 | / | 50 |
| Farm | 13 | 1040 | / | 260 |
| Barracks | 1 | 160 | / | 60 |
| Lumber Mill | 1 | 120 | / | 0 |
| Arcane Vault | 2 | 260 | / | 60 |
| Blacksmith | 1 | 140 | / | 60 |
| Town Hall | 2 | 770 | / | 410 |
| Cannon Tower | 11 | 1320 | / | 1100 |
| Workshop | 6 | 840 | / | 840 |
| Arcane Sanctum | 3 | 450 | / | 420 |
| Keep | 1 | 320 | / | 210 |
| Castle | 1 | 360 | / | 210 |
| total: | 121 | 6690g | / | 3980w |
| 0:03 | Peasant |
| 0:09 | Altar of Kings |
| 0:11 | Farm |
| 0:16 | Peasant |
| 0:34 | Barracks |
| 0:40 | Peasant |
| 0:57 | Farm |
| 0:59 | Peasant |
| 1:07 | Peasant |
| 1:28 | Farm |
| 1:31 | Lumber Mill |
| 1:33 | Peasant |
| 1:41 | Scout Tower |
| 1:55 | Footman |
| 2:06 | Arcane Vault |
| 2:11 | Footman |
| 2:13 | Holy Light |
| 2:41 | Footman |
| 2:47 | Farm |
| 3:01 | Peasant |
| 3:09 | Peasant |
| 3:17 | Scout Tower |
| 3:43 | Arcane Tower |
| 3:44 | Peasant |
| 4:26 | Divine Shield |
| 4:57 | Keep |
| 5:02 | Scroll of Regeneration |
| 5:02 | Lesser Clarity Potion |
| 5:19 | Farm |
| 5:27 | Scout Tower |
| 5:29 | Scout Tower |
| 5:30 | Scout Tower |
| 5:45 | Goblin Shredder |
| 5:52 | Scout Tower |
| 5:53 | Scout Tower |
| 5:59 | Guard Tower |
| 6:23 | Blacksmith |
| 6:43 | Holy Light |
| 6:49 | Scout Tower |
| 6:50 | Scout Tower |
| 6:51 | Scout Tower |
| 6:51 | Scout Tower |
| 6:52 | Scout Tower |
| 6:57 | Footman |
| 7:03 | Guard Tower |
| 7:07 | Scout Tower |
| 7:19 | Arcane Tower |
| 7:24 | Guard Tower |
| 7:29 | Scout Tower |
| 7:30 | Scout Tower |
| 7:59 | Workshop |
| 8:05 | Guard Tower |
| 8:28 | Arcane Tower |
| 8:31 | Guard Tower |
| 8:38 | Workshop |
| 9:12 | Town Hall |
| 9:16 | Scout Tower |
| 9:16 | Scout Tower |
| 9:17 | Scout Tower |
| 9:38 | Goblin Shredder |
| 9:44 | Arcane Tower |
| 9:46 | Scout Tower |
| 9:49 | Scout Tower |
| 9:50 | Scout Tower |
| 9:50 | Scout Tower |
| 9:51 | Scout Tower |
| 10:01 | Scout Tower |
| 10:02 | Scout Tower |
| 10:06 | Scout Tower |
| 10:06 | Scout Tower |
| 10:07 | Scout Tower |
| 10:08 | Scout Tower |
| 10:10 | Scout Tower |
| 10:14 | Scout Tower |
| 10:15 | Scout Tower |
| 10:16 | Scout Tower |
| 10:23 | Scout Tower |
| 10:51 | Cannon Tower |
| 10:52 | Cannon Tower |
| 10:56 | Mortar Team |
| 11:00 | Scout Tower |
| 11:04 | Scout Tower |
| 11:06 | Scout Tower |
| 11:07 | Scout Tower |
| 11:08 | Scout Tower |
| 11:11 | Scout Tower |
| 11:13 | Scout Tower |
| 11:14 | Scout Tower |
| 11:19 | Workshop |
| 11:25 | Arcane Sanctum |
| 11:32 | Arcane Sanctum |
| 11:36 | Farm |
| 11:38 | Farm |
| 11:39 | Farm |
| 11:45 | Farm |
| 11:48 | Arcane Sanctum |
| 11:51 | Farm |
| 11:51 | Farm |
| 11:51 | Farm |
| 11:52 | Farm |
| 11:58 | Mortar Team |
| 12:16 | Cannon Tower |
| 12:40 | Scroll of Regeneration |
| 12:42 | Cannon Tower |
| 12:47 | Flare |
| 12:49 | Mortar Team |
| 12:50 | Improved Masonry |
| 12:52 | Castle |
| 13:17 | Peasant |
| 13:23 | Arcane Vault |
| 13:38 | Mortar Team |
| 13:42 | Black Gunpowder |
| 13:46 | Cannon Tower |
| 13:48 | Cannon Tower |
| 13:54 | Divine Shield |
| 14:00 | Arcane Tower |
| 14:14 | Sorceress Adept Training |
| 14:59 | Peasant |
| 14:59 | Peasant |
| 15:05 | Scout Tower |
| 15:05 | Scout Tower |
| 15:06 | Scout Tower |
| 15:07 | Scout Tower |
| 15:12 | Flak Cannons |
| 15:17 | Workshop |
| 15:22 | Workshop |
| 15:35 | Scout Tower |
| 15:35 | Scout Tower |
| 15:36 | Scout Tower |
| 15:37 | Scout Tower |
| 15:39 | Scout Tower |
| 15:40 | Scout Tower |
| 15:41 | Scout Tower |
| 15:41 | Scout Tower |
| 15:42 | Scout Tower |
| 15:52 | Advanced Masonry |
| 15:54 | Fragmentation Shards |
| 16:03 | Workshop |
| 16:12 | Cannon Tower |
| 16:15 | Arcane Tower |
| 16:16 | Cannon Tower |
| 16:20 | Arcane Tower |
| 16:22 | Guard Tower |
| 16:29 | Scout Tower |
| 16:31 | Scout Tower |
| 16:32 | Scout Tower |
| 16:33 | Scout Tower |
| 16:33 | Scout Tower |
| 16:34 | Scout Tower |
| 16:35 | Scout Tower |
| 16:35 | Scout Tower |
| 16:36 | Scout Tower |
| 16:37 | Scout Tower |
| 16:38 | Scout Tower |
| 16:39 | Cannon Tower |
| 16:44 | Town Hall |
| 16:46 | Guard Tower |
| 16:47 | Arcane Tower |
| 16:49 | Guard Tower |
| 16:59 | Sorceress Master Training |
| 17:00 | Magic Sentry |
| 17:04 | Guard Tower |
| 17:12 | Cannon Tower |
| 17:21 | Flying Machine |
| 17:21 | Flying Machine |
| 18:03 | Flying Machine |
| 18:50 | Scroll of Regeneration |
| 19:04 | Cannon Tower |
| 19:08 | Arcane Tower |
| 19:10 | Guard Tower |
| 19:31 | Scout Tower |
| 19:32 | Scout Tower |
| 19:34 | Scout Tower |
| 19:34 | Scout Tower |
| 19:52 | Scroll of Regeneration |
| 20:36 | Holy Light |
| 21:00 | Resurrection |
| 22:09 | Guard Tower |
| 22:23 | Scroll of Regeneration |
| 22:24 | Lesser Clarity Potion |
| 22:27 | Potion of Mana |
| 22:31 | Sorceress |
| 22:31 | Sorceress |
| 22:36 | Refined Gunpowder |
| 22:36 | Studded Leather Armor |
| 22:37 | Imbued Masonry |
| 22:49 | Mortar Team |
| 23:12 | Scroll of Regeneration |
| 23:33 | Lesser Clarity Potion |
| 23:35 | Scroll of Town Portal |
| 24:14 | Priest |
| 24:15 | Priest Adept Training |
| 26:03 | Staff of Teleportation |
| 26:22 | Scroll of Town Portal |
| 26:26 | Mortar Team |
| 26:40 | Scroll of Regeneration |
| 26:45 | Lesser Clarity Potion |
| 27:13 | Guard Tower |
| 27:52 | Imbued Gunpowder |
| 28:53 | Mortar Team |
| 28:55 | Scroll of Regeneration |
| 29:00 | Lesser Clarity Potion |
| 29:09 | Reinforced Leather Armor |
| 29:14 | Scroll of Town Portal |
| 29:21 | Goblin Zeppelin |
| 29:43 | Divine Shield |
| 31:07 | Scroll of Regeneration |
| 31:11 | Lesser Clarity Potion |
| 31:14 | Scroll of Town Portal |
| 31:40 | Flying Machine |
| 31:48 | Flying Machine |
| 32:15 | Flying Machine |
| 33:53 | Scout Tower |
| 34:10 | Scout Tower |
| 34:11 | Scout Tower |
| 34:27 | Scout Tower |
| 34:35 | Scout Tower |
| 34:40 | Scout Tower |
| 34:41 | Scout Tower |
| 34:45 | Scout Tower |
| 34:47 | Scout Tower |
| 34:57 | Scout Tower |
| 35:04 | Scout Tower |
| 35:06 | Scout Tower |
| 35:12 | Scout Tower |
| 35:15 | Scout Tower |
| 36:04 | Guard Tower |
| 36:23 | Dragonhide Armor |
| 36:23 | Iron Plating |
| 36:49 | Guard Tower |
| 37:09 | Peasant |
| 39:10 | Scout Tower |
| 39:16 | Scout Tower |
| 39:20 | Scout Tower |
| 39:27 | Scout Tower |
| 39:35 | Scout Tower |
| 39:47 | Scout Tower |
| 39:56 | Scout Tower |
| 40:23 | Guard Tower |
| 42:01 | Steel Plating |
| 42:09 | Guard Tower |
| 44:30 | Mithril Plating |
| Right click | 1377 |
| Select | 655 |
| Build/train/purchase | 244 |
| Select group | 212 |
| Use ability | 98 |
| Misc. action | 75 |
| Assign group | 23 |
| Chat | 20 |
| Esc | 16 |
| Item give/drop | 3 |
| Remove unit | 1 |